 Dungeon Crawl Stone Soup version 0.25.1-2-g60ff931 (webtiles) character file.

Game seed: 14084388346657290480

54 Captinkiss the Chucker (level 3, -5/37 HPs)
             Began as an Ogre Hunter on Sept 9, 2020.
             Slain by a goblin
             ... wielding a +0 club
             ... led by Robin
              (7 damage)
             ... on level 2 of the Dungeon.
             The game lasted 00:02:37 (1356 turns).

Captinkiss the Chucker (Ogre Hunter)                Turns: 1356, Time: 00:02:38

Health: -5/37      AC:  3    Str: 16    XL:     3   Next: 91%
Magic:  3/3        EV: 10    Int: 12    God:
Gold:   52         SH:  0    Dex: 10    Spells: 2/2 levels left

rFire    . . .     SeeInvis .   a - +0 short sword
rCold    . . .     Gourm    .   (no shield)
rNeg     . . .     Faith    .   b - +0 robe
rPois    .         Spirit   .   (helmet restricted)
rElec    .         Reflect  .   (no cloak)
rCorr    .         Harm     .   (gloves unavailable)
MR       .....                  (boots unavailable)
Stlth    +.........             (no amulet)
HPRegen  0.12/turn              (no ring)
MPRegen  0.08/turn              (no ring)

@: no status effects
A: large, unfitting armour, tough skin 1
a: no special abilities


You were on level 2 of the Dungeon.
You were hungry.

You visited 1 branch of the dungeon, and saw 2 of its levels.

You collected 52 gold pieces.

Inventory:

Hand Weapons
 a - a +0 short sword (weapon)
Missiles
 c - a large rock (quivered)
 d - 3 throwing nets
Armour
 b - a +0 robe (worn)
Scrolls
 e - a scroll of remove curse
 g - a scroll of enchant armour {unknown}
 h - a scroll of fear {unknown}
 l - a scroll of magic mapping {unknown}
Potions
 k - a potion of invisibility {unknown}
 m - a potion of haste {unknown}
Comestibles
 f - 2 rations
 j - 6 chunks of flesh


   Skills:
 + Level 3.4 Fighting
 + Level 4.7 Throwing
 + Level 2.4 Dodging
 - Level 0.6 Stealth


You had 2 spell levels left.
You didn't know any spells.
Your spell library was empty.

Dungeon Overview and Level Annotations

Branches:
Dungeon (2/15)

Altars:

Annotations:
D:2 Robin


Innate Abilities, Weirdness & Mutations

You are too large for most types of armour.
You have tough skin. (AC +1)


Message History

The adder bites you but does no damage. The goblin hits you but does no damage.
The adder bites you but does no damage.
Throwing (i - inventory. (/) - cycle)
c - 3 large rocks (quivered)
Press: ? - help, Shift-Dir - straight line, f/p - adder
Aim: an adder (heavily wounded)
You throw a large rock. The large rock hits the adder!!
You kill the adder!
The goblin barely misses you. The goblin hits you with a +0 club.
* * * LOW HITPOINT WARNING * * *
The leopard gecko hisses menacingly.
The goblin hits you with a cursed -3 club.
* * * LOW HITPOINT WARNING * * *
Throwing (i - inventory. (/) - cycle)
c - 2 large rocks (quivered)
Press: ? - help, Shift-Dir - straight line, f - goblin
Aim: a goblin, wielding a -3 club (strong)
You throw a large rock.
The large rock barely misses the goblin.
The goblin no longer looks unusually strong.
The goblin hits you with a +0 club!
You die...

#######
#...).######## #
+.....+ ..... ..'
#.....####.#####Kl..#
+.....<....)g@gggg...
#......#.#.#####gg...
#......#.#.# ...
##......#.#.# .
#....รท..#.#.#
#.......#.#.#
#..)###.#.#.# #####
#...'...#+#.###...#
#...##............#


You could see Robin, a leopard gecko, a hobgoblin (strong), 5 goblins and a
kobold.

Vanquished Creatures
  2 adders (D:2)
  2 leopard geckos (D:1)
  7 bats
  A giant cockroach (D:1)
  9 goblins
  8 hobgoblins
  A ball python (D:2)
  A frilled lizard (D:1)
  A rat (D:1)
32 creatures vanquished.

Vanquished Creatures (others)
  5 toadstools (D:1)
5 creatures vanquished.

Grand Total: 37 creatures vanquished

Notes
Turn   | Place    | Note
-------+----------+-------------------------------------------
     0 | D:1      | Captinkiss the Ogre Hunter began the quest for the Orb.
     0 | D:1      | Reached XP level 1. HP: 22/22 MP: 1/1
    70 | D:1      | HP: 1/22 [hobgoblin (4)]
   407 | D:1      | Reached XP level 2. HP: 28/29 MP: 2/2
   959 | D:2      | Reached XP level 3. HP: 16/37 MP: 3/3
  1326 | D:2      | Noticed Robin
  1356 | D:2      | Slain by a goblin

Illustrated notes

Levels and vault maps discovered:
D:1:      ldierk_walled_garden, layout_rooms, minmay_pentomino_u4
D:2:      layout_basic, uniq_robin, uniq_natasha

Skill      XL: |  1  2 |
---------------+-------+-----
Dodging        | 2 |  2.4
Fighting       | 3 |  3.4
Throwing       | |  4.7
Stealth        | |  0.6

Action                   || total
-------------------------++-------
Melee: Short sword       ||    99
Throw: Large rock        ||     6
  Use: Scroll            ||     1
       Potion            ||     2
  Eat: Chunk             ||     1
Armor: Robe              ||    39
Dodge: Dodged            ||    73
